 Dungeon Crawl Stone Soup version 0.31-a0-246-g8cbcc1cb85 (webtiles) character file.

Game seed: 3025552939121581867

111 Vomitron the Slasher (level 4, -2/34 (38) HPs)
             Began as a Gnoll Reaver on July 12, 2023.
             Slain by a jackal (3 damage)
             ... on level 2 of the Dungeon.
             The game lasted 00:02:29 (1111 turns).

Vomitron the Slasher (Gnoll Reaver)                 Turns: 1111, Time: 00:02:30

HP:   -2/34 (38)    AC:  3    Str: 13    XL:     4   Next: 92%
MP:   11/11         EV: 12    Int: 13    God:
Gold: 21            SH:  0    Dex: 10    Spells: 12/13 levels left

rFire   . . .        e - +1 whip (pain)
rCold   . . .        (no shield)
rNeg    . . .        b - +0 leather armour
rPois   .            (no helmet)
rElec   .            (no cloak)
rCorr   .            (no gloves)
SInv    .            (no boots)
Will    +....        (no amulet)
Stlth   +            f - ring of willpower
HPRegen 0.25/turn    (no ring)
MPRegen 0.12/turn

%: no passive effects
@: hasted, heavily drained, very quick
A: fangs 1, strong nose, distributed training
a: no special abilities


You were on level 2 of the Dungeon.
You visited 1 branch of the dungeon, and saw 2 of its levels.

You collected 21 gold pieces.

Inventory:

Hand Weapons
 a - a +0 falchion
 e - a +1 whip of pain (weapon)
Armour
 b - a +0 leather armour (worn)
Jewellery
 f - a ring of willpower (left hand)
Scrolls
 c - 4 scrolls of teleportation {unknown}
 d - a scroll of blinking {unknown}
 g - a scroll of fear {unknown}
Potions
 i - a potion of invisibility {unknown}
 j - a potion of curing {unknown}


   Skills:
 + Level 4.7 Fighting
 + Level 1.3 Short Blades
 + Level 6.6 Long Blades
 + Level 1.3 Axes
 + Level 1.3 Maces & Flails
 + Level 1.3 Polearms
 + Level 1.3 Staves
 + Level 1.3 Ranged Weapons
 + Level 1.3 Throwing
 + Level 1.3 Armour
 + Level 4.7 Dodging
 + Level 1.3 Stealth
 + Level 1.3 Shields
 + Level 1.3 Unarmed Combat
 + Level 5.1 Spellcasting
 + Level 5.5 Conjurations
 + Level 1.0 Hexes
 + Level 1.0 Summonings
 + Level 1.0 Necromancy
 + Level 1.0 Translocations
 + Level 1.0 Transmutations
 + Level 1.0 Fire Magic
 + Level 1.0 Ice Magic
 + Level 1.0 Air Magic
 + Level 1.0 Earth Magic
 + Level 1.0 Poison Magic
 + Level 1.4 Invocations
 + Level 1.3 Evocations
 + Level 1.0 Shapeshifting


You had 12 spell levels left.
You knew the following spells:

 Your Spells              Type           Power      Damage    Failure   Level
a - Kiss of Death         Conj/Necr      44%        2d8       6%          1

Your spell library contained the following spells:

 Spells                   Type           Power      Damage    Failure   Level
 Momentum Strike          Conj/Tloc      22%        3d8       9%          2
 Hailstorm                Conj/Ice       11%        3d5       19%         3


Dungeon Overview and Level Annotations

Branches:
Dungeon (2/15)

Altars:

Shops:
D:2 !

Annotations:
D:2 1 transporter


Innate Abilities, Weirdness & Mutations

You have very sharp teeth.
Your uncanny sense of smell can sniff out nearby items.
Your experience applies equally to all skills.


Message History

You feel sick.
You closely miss the jackal. Your bite misses the jackal.
You feel sick. The jackal closely misses you.
It was a potion of haste.
You feel yourself speed up.
You feel sick. The jackal barely misses you. The jackal closely misses you.
You hit the jackal but do no damage. You hit the jackal but do no damage.
The jackal writhes in agony.
The jackal is lightly wounded.
You feel sick.
You completely miss the jackal. You bite the jackal, but do no damage.
The jackal is lightly wounded.
You feel sick. The jackal bites you.
* * * LOW HITPOINT WARNING * * *
You hit the jackal.
The jackal is heavily wounded.
You hit the jackal.
You kill the jackal!
You feel sick.
You hit the jackal. You bite the jackal, but do no damage.
The jackal is heavily wounded.
You feel sick.
You are no longer poisoned.
The jackal barely misses you.
You closely miss the jackal.
The jackal is heavily wounded.
You hit the jackal.
The jackal is almost dead.
The jackal bites you.
* * * LOW HITPOINT WARNING * * *
The jackal bites you.
* * * LOW HITPOINT WARNING * * *
Unknown command.
You hit the jackal but do no damage.
The jackal is almost dead.
The jackal closely misses you. The jackal barely misses you.
Unknown command.
You hit the jackal.
You kill the jackal!
The jackal bites you.
You die...

........###
.#####....###### ∆
##.#....).. #...####..
##..####.. ########..)##..
###### ####..............
.#.....###....######.####..
......†..h@#### .........
......)..### #.........
..........) .....<.....
.........### ###.......##
.....|...# #.......#
.........# #########
........## .#.....##


You could see a jackal.

Vanquished Creatures
  Jessica (D:2)
  3 adders (D:2)
  A gnoll (D:1)
  A dart slug (D:1)
  2 endoplasms (D:1)
  3 giant cockroaches (D:1)
  4 goblins (D:1)
  6 hobgoblins (D:1)
  4 jackals
  4 kobolds
  2 quokkas (D:1)
  3 ball pythons
  6 bats (D:1)
  2 frilled lizards (D:1)
  4 rats (D:1)
46 creatures vanquished.

Notes
Turn   | Place    | Note
-------+----------+-------------------------------------------
     0 | D:1      | Vomitron the Gnoll Reaver began the quest for the Orb.
     0 | D:1      | Reached XP level 1. HP: 20/20 MP: 6/6
    71 | D:1      | Reached XP level 2. HP: 17/23 MP: 7/7
   304 | D:1      | Reached skill level 5 in Spellcasting
   304 | D:1      | Reached XP level 3. HP: 16/29 MP: 6/9
   498 | D:1      | Reached skill level 1 in Invocations
   641 | D:1      | Reached skill level 1 in Short Blades
   641 | D:1      | Reached skill level 1 in Axes
   641 | D:1      | Reached skill level 1 in Maces & Flails
   641 | D:1      | Reached skill level 1 in Polearms
   641 | D:1      | Reached skill level 1 in Staves
   641 | D:1      | Reached skill level 1 in Ranged Weapons
   641 | D:1      | Reached skill level 1 in Throwing
   641 | D:1      | Reached skill level 1 in Armour
   641 | D:1      | Reached skill level 1 in Stealth
   641 | D:1      | Reached skill level 1 in Shields
   641 | D:1      | Reached skill level 1 in Unarmed Combat
   641 | D:1      | Reached skill level 1 in Evocations
   846 | D:2      | Reached XP level 4. HP: 30/34 MP: 9/11
   915 | D:2      | Found a transporter.
   918 | D:2      | Found Bowau's Distillery.
  1041 | D:2      | Noticed Jessica
  1051 | D:2      | Killed Jessica
  1052 | D:2      | Reached skill level 1 in Hexes
  1052 | D:2      | Reached skill level 1 in Summonings
  1052 | D:2      | Reached skill level 1 in Necromancy
  1052 | D:2      | Reached skill level 1 in Translocations
  1052 | D:2      | Reached skill level 1 in Transmutations
  1052 | D:2      | Reached skill level 1 in Fire Magic
  1052 | D:2      | Reached skill level 1 in Ice Magic
  1052 | D:2      | Reached skill level 1 in Air Magic
  1052 | D:2      | Reached skill level 1 in Earth Magic
  1052 | D:2      | Reached skill level 1 in Poison Magic
  1052 | D:2      | Reached skill level 1 in Shapeshifting
  1109 | D:2      | HP: 1/34 [jackal (1)]
  1111 | D:2      | Slain by a jackal

Illustrated notes

Levels and vault maps discovered:
D:1:      minmay_arrival_open_corners, layout_basic, chequers_decorated_corner
D:2:      layout_rooms, serial_shops, nicolae_shop_drivethru, uniq_jessica

Skill      XL: |  1  2  3  4 |
---------------+-------------+-----
Spellcasting   | 5 |  5.1
Invocations    | 1 |  1.4
Short Blades   | 1 |  1.3
Axes           | 1 |  1.3
Maces & Flails | 1 |  1.3
Polearms       | 1 |  1.3
Staves         | 1 |  1.3
Ranged Weapons | 1 |  1.3
Throwing       | 1 |  1.3
Armour         | 1 |  1.3
Stealth        | 1 |  1.3
Shields        | 1 |  1.3
Unarmed Combat | 1 |  1.3
Evocations     | 1 |  1.3
Hexes          | 1 |  1.0
Summonings     | 1 |  1.0
Necromancy     | 1 |  1.0
Translocations | 1 |  1.0
Transmutations | 1 |  1.0
Fire Magic     | 1 |  1.0
Ice Magic      | 1 |  1.0
Air Magic      | 1 |  1.0
Earth Magic    | 1 |  1.0
Poison Magic   | 1 |  1.0
Shapeshifting  | 1 |  1.0
Fighting       | |  4.7
Long Blades    | |  6.6
Dodging        | |  4.7
Conjurations   | |  5.5

Action                     |  1- 3 |  4- 6 || total
---------------------------+-------+-------++-------
  Melee: Falchion          |    19 |       ||    19
         Bite              |     9 |     3 ||    12
         Whip              |    84 |    34 ||   118
         Punch             |       |     1 ||     1
   Cast: Kiss of Death     |     3 |     1 ||     4
    Use: Potion            |       |     1 ||     1
   Stab: Sleeping          |     1 |       ||     1
 Armour: Leather armour    |    41 |     6 ||    47
  Dodge: Dodged            |    78 |    18 ||    96

Table legend: (Time is in decaauts)
 A = Elapsed time spent in this place.
 B = Non-inter-level travel time spent in this place.
 C = Inter-level travel time spent in this place.
 D = Time resting spent in this place.
 E = Time spent auto-exploring this place.
 F = Levels seen in this place.
 G = Mean time per level.
                   A        B        C        D        E       F      G
               +--------+--------+--------+--------+--------+-----+--------+
         Total |   1113 |   1107 |      6 |     34 |    772 |   2 |  556.5 |
       Dungeon |   1113 |   1107 |      6 |     34 |    772 |   2 |  556.5 |
               +--------+--------+--------+--------+--------+-----+--------+

Top non-repeatable levels by time:
     D:1: 844 daAuts
     D:2: 269 daAuts
